 Dungeon Crawl Stone Soup version 0.29-a0-214-g17f627cfee (webtiles) character file.

Game seed: 14971528826653040634

397 ReploidZero the Shield-Bearer (level 6, -2/33 HPs)
             Began as a Vine Stalker Fighter on Feb 24, 2022.
             Killed by nerve-wracking pain
             ... invoked by an orc priest
              (9 damage)
             ... on level 4 of the Dungeon.
             The game lasted 00:05:49 (3304 turns).

ReploidZero the Shield-Bearer (VSFi)                Turns: 3304, Time: 00:05:50

Health: -2/33      AC: 10    Str: 21    XL:     6   Next: 83%
Magic:  0/7        EV:  9    Int:  8    God:
Gold:   130        SH:  5    Dex: 13    Spells: 5/5 levels left

rFire   . . .      SeeInvis .   a - +0 flail (flame)
rCold   + . .      Faith    .   c - +0 buckler
rNeg    . . .      Spirit   +   b - +0 scale mail
rPois   .          Reflect  .   (no helmet)
rElec   .          Harm     .   o - +1 cloak
rCorr   .          Rampage  .   (no gloves)
Will    .....                   h - +0 pair of boots
Stlth   ..........              (no amulet)
HPRegen 0.91/turn               u - ring of protection from cold
MPRegen 0.10/turn               (no ring)

@: no status effects
A: fangs 2, regeneration 1, magic shield, antimagic bite, no potion heal 2
a: no special abilities


You were on level 4 of the Dungeon.
You visited 1 branch of the dungeon, and saw 4 of its levels.

You collected 175 gold pieces.
You spent 45 gold pieces at shops.

Inventory:

Hand Weapons
 a - a +0 flail of flaming (weapon)
Missiles
 e - 12 poisoned darts (quivered)
 g - 5 curare-tipped darts
Armour
 b - a +0 scale mail (worn)
 c - a +0 buckler (worn)
 h - a +0 pair of boots (worn)
 o - a +1 cloak (worn)
Jewellery
 u - a ring of protection from cold (left hand)
Scrolls
 n - a scroll of acquirement
 p - 2 scrolls of teleportation {unknown}
 q - 2 scrolls of identify
Potions
 d - 3 potions of might
 f - a potion of attraction
 i - a potion of heal wounds {unknown}
 j - a potion of cancellation {unknown}
 k - a potion of invisibility
 l - a potion of magic {unknown}
 m - 2 potions of degeneration {unknown}
 s - a potion of curing {unknown}


   Skills:
 + Level 4.0 Fighting
 + Level 3.5 Maces & Flails
 + Level 3.6 Armour
 + Level 4.1 Shields


You had 5 spell levels left.
You didn't know any spells.
Your spell library contained the following spells:

 Spells                   Type           Power      Damage    Failure   Level
 Corpse Rot               Necr/Air       0%         N/A       93%         2
 Dispel Undead            Necr           0%         3d6       100%        4
 Death Channel            Necr           0%         N/A       100%        6


Dungeon Overview and Level Annotations

Branches:
Dungeon (4/15)
 Temple: D:4-7

Altars:

Shops:
D:1 *


Innate Abilities, Weirdness & Mutations

You have extremely sharp teeth.
Your natural rate of healing is unusually fast.
When hurt, damage is shared between your health and your magic reserves.
Your bite disrupts and absorbs the magic of your enemies.
Potions cannot restore your health.


Message History

Beogh smites you!
The orc priest casts a cantrip, but nothing happens.
You hit the orc priest. You burn the orc priest.
Your bite misses the orc priest.
The orc priest is lightly wounded.
The orc priest hits you but does no damage.
You hit the orc priest. You burn the orc priest.
The orc priest is heavily wounded.
An orc wizard comes into view. It is wielding a +0 dagger.
The orc priest hits you but does no damage. x2
You completely miss the orc priest.
The orc priest is heavily wounded.
The orc wizard shouts!
The orc wizard casts a spell.
The orc wizard flickers and vanishes!
Deactivating autopickup; reactivate with Ctrl-A.
The orc priest calls down the wrath of Beogh upon you.
Beogh smites you!
You hit the orc priest but do no damage.
The orc priest is heavily wounded.
The orc priest hits you but does no damage.
Unknown command.
Unknown command.
You hit the orc priest. You burn the orc priest. You bite the orc priest.
You drain its power.
You feel invigorated.
The orc priest is severely wounded.
You block the orc priest's attack.
The orc priest calls down the wrath of Beogh upon you.
Beogh smites you!
* * * LOW HITPOINT WARNING * * *
You are too injured to fight recklessly!
Unknown command.
You are too injured to fight recklessly!
Unknown command.
You hit the orc priest but do no damage.
The orc priest is severely wounded.
The orc priest begins to cast a cantrip, but forgets the words!
The orc priest invokes the aid of Beogh against you.
Pain shoots through your body!
You die...

###
#####.##################
....#.....†.....@oo{....
###.#.##################
# #.#.# # #.#.# # #.#.#
###.#.# .##.#.##
###....# ....#.<#


You could see 2 orc priests.

Vanquished Creatures
  Sigmund (D:2)
  Crazy Yiuf (D:2)
  2 orc priests (D:3)
  A centaur skeleton (D:4)
  An iguana (D:4)
  2 adders (D:3)
  A worm (D:3)
  5 dart slugs
  3 orcs (D:3)
  8 ball pythons
  6 bats
  7 endoplasms
  2 giant cockroaches (D:3)
  12 goblins
  2 hobgoblins
  3 quokkas (D:1)
  A frilled lizard (D:1)
  5 kobolds
  5 rats
68 creatures vanquished.

Notes
Turn   | Place    | Note
-------+----------+-------------------------------------------
     0 | D:1      | ReploidZero the Vine Stalker Fighter began the quest for
                  | the Orb.
     0 | D:1      | Reached XP level 1. HP: 11/11 MP: 2/2
   220 | D:1      | Reached XP level 2. HP: 12/16 MP: 1/3
   834 | D:1      | Found Jiur's General Store.
   922 | D:1      | Reached XP level 3. HP: 20/20 MP: 4/4
   924 | D:1      | Bought a +0 pair of boots for 45 gold pieces
  1475 | D:2      | Noticed Sigmund
  1651 | D:2      | Found a runed translucent door.
  1652 | D:2      | Noticed Crazy Yiuf
  2315 | D:2      | Killed Sigmund
  2316 | D:2      | Gained mutation: Your natural rate of healing is unusually
                  | fast. [Vine Stalker growth]
  2316 | D:2      | Reached XP level 4. HP: 20/25 MP: 3/5
  2316 | D:2      | Reached XP level 5. HP: 22/28 MP: 3/6
  2417 | D:2      | Killed Crazy Yiuf
  2418 | D:2      | Reached XP level 6. HP: 21/33 MP: 3/7
  2492 | D:2      | Identified a scroll of acquirement
  2553 | D:3      | Found a faded altar of an unknown god.
  3304 | D:4      | Killed from afar by an orc priest

Illustrated notes

Levels and vault maps discovered:
D:1:      scummos_arrival_hexagon, layout_basic, serial_shops,
          nicolae_shop_statue_plus, minmay_misc_feat_diagonals
D:2:      layout_loops_ring, minmay_quantized, uniq_sigmund,
          uniq_crazy_yiuf_cottage
D:3:      layout_loops_ring, serial_glass, glass_columns_a, glass_columns_a,
          glass_columns_a, glass_columns_b, dreamdust_ecumenical_altar_statues,
          minmay_misc_feat_secret_circle
D:4:      layout_basic, mainiacjoe_overflow_paths,
          mainiacjoe_overflow_concentric_impassable, serial_rivers,
          chequers_serial_rivers_micro_b, chequers_serial_rivers_room_a,
          chequers_serial_rivers_room_a, chequers_serial_rivers_micro_c,
          chequers_serial_rivers_small_b, chequers_serial_rivers_micro_e

Skill      XL: |  1  2  3  4  5  6 |
---------------+-------------------+-----
Maces & Flails | 2 3 |  3.5
Fighting       | 3 4 |  4.0
Shields        | 3 4 |  4.1
Armour         | 3 |  3.6

Action                   |  1- 3 |  4- 6 || total
-------------------------+-------+-------++-------
Melee: Flail             |    91 |    80 ||   171
       Bite              |    13 |    24 ||    37
Throw: Dart              |       |     1 ||     1
  Use: Scroll            |     2 |     6 ||     8
       Potion            |     1 |       ||     1
Armor: Scale mail        |    39 |    30 ||    69
Dodge: Dodged            |    40 |    32 ||    72
Block: Buckler           |    21 |    10 ||    31

Table legend: (Time is in decaauts)
 A = Elapsed time spent in this place.
 B = Non-inter-level travel time spent in this place.
 C = Inter-level travel time spent in this place.
 D = Time resting spent in this place.
 E = Time spent auto-exploring this place.
 F = Levels seen in this place.
 G = Mean time per level.
                   A        B        C        D        E       F      G
               +--------+--------+--------+--------+--------+-----+--------+
         Total |   3357 |   3272 |     85 |      0 |   2723 |   4 |  839.2 |
       Dungeon |   3357 |   3272 |     85 |      0 |   2723 |   4 |  839.2 |
               +--------+--------+--------+--------+--------+-----+--------+

Top non-repeatable levels by time:
     D:1: 1528 daAuts
     D:2: 1027 daAuts
     D:3: 650 daAuts
     D:4: 151 daAuts
